 Dungeon Crawl Stone Soup version 0.14-a0-2001-g390038d (webtiles) character file.

718 Nicoed the Covered (level 6, -12/56 HPs)
             Began as a Minotaur Fighter on Jan 18, 2014.
             Was an Initiate of the Shining One.
             Killed by divine providence
             ... invoked by an orc priest
              (13 damage)
             ... on Level 5 of the Dungeon.
             The game lasted 00:10:07 (3568 turns).

Nicoed the Covered (Minotaur Fighter)               Turns: 3568, Time: 00:10:07

HP -12/56        AC  8     Str 23      XL: 6   Next: 89%
MP   3/3         EV  8     Int  5      God: the Shining One [......]
Gold 231         SH 20     Dex 10      Spells:  0 memorised,  5 levels left

rFire  . . .     SeeInvis .     y - +0,+1 orc falchion (holy)
rCold  . . .     Clarity  +     v - +2 ring mail
rNeg   . . .     Conserve .     c - +0 shield
rPois  +         rCorr    .     (helmet restricted)
rElec  .         rRot     .     (no cloak)
SustAb . .       Spirit   .     (no gloves)
rMut   .         Warding  .     (no boots)
Saprov . . .     Stasis   .     s - amulet of clarity
MR     .....                    d - +1 ring of strength
                                p - ring of poison resistance

@: not resistant to hostile enchantments, extremely unstealthy
A: retaliatory headbutt, horns 2
a: Renounce Religion


You were on level 5 of the Dungeon.
You worshipped the Shining One.
The Shining One was noncommittal.
You were full.

You visited 1 branch of the dungeon, and saw 5 of its levels.

You collected 231 gold pieces.

Inventory:

Hand weapons
 y - a +0,+1 orcish falchion of holy wrath (weapon)
Armour
 c - a +0 shield (worn)
 v - a +2 ring mail (worn)
Magical devices
 i - a wand of disintegration (10)
 o - a wand of teleportation (6)
Scrolls
 b - 3 scrolls of identify
 e - a scroll of enchant weapon I {unknown}
 k - 3 scrolls of teleportation {unknown}
 l - 4 scrolls of magic mapping {unknown}
 m - a scroll of curse armour {unknown}
 n - 2 scrolls of remove curse {unknown}
 r - a scroll of enchant weapon II {unknown}
 u - a scroll of curse weapon {unknown}
 w - a scroll of fear {unknown}
 B - a scroll of curse jewellery {unknown}
Jewellery
 d - a +1 ring of strength (right hand)
 p - a ring of poison resistance (left hand)
 s - an amulet of clarity (around neck)
Potions
 f - a potion of invisibility
 g - 2 potions of might {unknown}
 h - 2 potions of curing
 j - 2 potions of speed {unknown}
 q - a potion of restore abilities {unknown}
 t - a potion of confusion {unknown}
 x - a potion of berserk rage {unknown}
 z - a potion of mutation {unknown}
Books
 C - a book of Wizardry

   Spells                             Type                      Level
   Summon Elemental                   Summoning                    4
   Agony                              Necromancy                   5
   Force Lance                        Conjuration                  5
   Fireball                           Conjuration/Fire             5
   Haste                              Charms                       6
   Invisibility                       Hexes                        6


   Skills:
 + Level 5.2 Fighting
 + Level 4.6 Long Blades
 + Level 5.5 Armour
 + Level 2.5 Dodging
 + Level 5.4 Shields


You had 5 spell levels left.
You didn't know any spells.

Dungeon Overview and Level Annotations

Branches:
Dungeon (5/16)
 Temple: D:4-7

Altars:
Dithmengos
Elyvilon
Yredelemnul
Zin
the Shining One

Shops:
D:4 ((


Innate Abilities, Weirdness & Mutations

You reflexively headbutt those who attack you in melee.
You have a pair of horns on your head.


Message History

You block the orc wizard's attack.
You hit the orc wizard.
The orc wizard is moderately wounded.
The orc wizard's eyes start to glow.
The orc wizard points at you and mumbles some strange words.
The magic dart hits you!
You barely miss the orc wizard.
The orc wizard is moderately wounded.
The orc wizard points at you and mumbles some strange words.
The magic dart hits you!
* * * LOW HITPOINT WARNING * * *
You hit the orc wizard but do no damage.
The orc wizard is moderately wounded.
The orc wizard hits you but does no damage.
The orc wizard gestures at you while chanting.
The puff of flame hits you!
* * * LOW HITPOINT WARNING * * *
The orc priest mumbles some strange prayers to Beogh against you.
Something smites you!
You die...

#### #.. #.# ###.## ###
#....# ###+ .... #....#
##... .....
###....######....
..<....###...........#..(.
.......oo@.#....####.#.._.
.......#####....# #.#....
..... #....# #...... ....
#....# ###.'.< ... #....#
###.. . #....# #.. ##.###
#.. ..# ###


You could see an orc priest and an orc wizard.

Vanquished Creatures
  An ogre (D:4)
  Sigmund (D:3)
  A hound (D:4)
  2 orc wizards (D:4)
  A centaur skeleton (D:4)
  An orc priest (D:4)
  A scorpion (D:4)
  5 adders
  2 worms
  3 giant geckos
  3 oozes
  10 orcs
  5 bats
  A bat skeleton (D:5)
  3 giant cockroaches
  13 goblins
  8 hobgoblins
  13 kobolds
  A quokka (D:2)
  4 training dummies (D:4)
  2 ball pythons
  4 giant newts
  4 jackals (D:3)
  7 rats
96 creatures vanquished.

Vanquished Creatures (others)
  An orc wizard (D:4)
1 creature vanquished.

Grand Total: 97 creatures vanquished

Notes
Turn   | Place    | Note
--------------------------------------------------------------
     0 | D:1      | Nicoed, the Minotaur Fighter, began the quest for the Orb.
     0 | D:1      | Reached XP level 1. HP: 19/19 MP: 1/1
   415 | D:1      | Reached XP level 2. HP: 20/26 MP: 1/1
   674 | D:2      | Reached skill level 1 in Dodging
   688 | D:2      | Reached XP level 3. HP: 26/33 MP: 2/2
   935 | D:2      | Reached skill level 4 in Fighting
  1411 | D:3      | Reached XP level 4. HP: 25/40 MP: 2/2
  1440 | D:3      | Found a glowing golden altar of the Shining One.
  1443 | D:3      | Found a glowing silver altar of Zin.
  1447 | D:3      | Found a white marble altar of Elyvilon.
  1510 | D:3      | Became a worshipper of the Shining One
  1728 | D:3      | Found a shadowy altar of Dithmengos.
  1831 | D:3      | Found a basalt altar of Yredelemnul.
  1850 | D:3      | Noticed Sigmund
  1874 | D:3      | HP: 2/40 [poison (a potion of poison)]
  1879 | D:3      | Killed Sigmund
  1879 | D:3      | Reached XP level 5. HP: 35/47 MP: 2/2
  2805 | D:4      | Reached skill level 5 in Armour
  2805 | D:4      | Reached XP level 6. HP: 46/55 MP: 3/3
  2814 | D:4      | Reached skill level 5 in Shields
  2995 | D:4      | Noticed an ogre
  3000 | D:4      | Killed an ogre
  3000 | D:4      | Reached skill level 5 in Fighting
  3025 | D:4      | Found Utacli's Weapon Boutique.
  3255 | D:4      | Found Seiz's Antique Weapon Emporium.
  3526 | D:5      | Entered Level 5 of the Dungeon
  3526 | D:5      | Found a glowing golden altar of the Shining One.
  3568 | D:5      | HP: 1/56 [orc wizard/puff of flame (13)]
  3568 | D:5      | Killed from afar by an orc priest

Action                   |  1- 3 |  4- 6 || total
-------------------------+-------+-------++-------
Melee: Falchion          |   119 |   198 ||   317
Evoke: Wand              |     1 |     1 ||     2
  Use: Potion            |       |     7 ||     7
       Scroll            |       |     1 ||     1
